 Dungeon Crawl Stone Soup version 0.24-a0-123-ga2403f3 (console) character file.

Game seed: 9845303174495124762

56 Voker57 the Slasher (level 3, -2/28 HPs)
             Began as a Demonspawn Gladiator on Feb 22, 2019.
             Slain by Grinder (6 damage)
             ... while paralysed by Grinder
             ... on level 6 of the Dungeon.
             The game lasted 00:01:30 (1359 turns).

Voker57 the Slasher (Demonspawn Gladiator)          Turns: 1359, Time: 00:01:30

Health: -2/28      AC:  7    Str: 18 (19) XL:     3   Next: 69%
Magic:  3/3        EV:  2    Int: 11 (14) God:
Gold:   77         SH:  0    Dex: 12 (15) Spells: 2/2 levels left

rFire    . . .     SeeInvis .   a - +0 long sword
rCold    . . .     Gourm    .   (no shield)
rNeg     . . .     Faith    .   b - +0 leather armour
rPois    .         Spirit   .   c - +0 helmet
rElec    .         Reflect  .   (no cloak)
rCorr    .         Harm     .   (no gloves)
MR       .....                  (no boots)
Stlth    +.........             (no amulet)
HPRegen  0.09/turn              (no ring)
MPRegen  0.08/turn              (no ring)

@: paralysed, mighty, brilliant
A: molten scales 2
a: no special abilities


You were on level 6 of the Dungeon.
You were not hungry.

You visited 1 branch of the dungeon, and saw 4 of its levels.

You collected 77 gold pieces.

Inventory:

Hand Weapons
 a - a +0 long sword (weapon)
Missiles
 d - 3 throwing nets (quivered)
Armour
 b - a +0 leather armour (worn)
 c - a +0 helmet (worn)
Scrolls
 i - a scroll of magic mapping {unknown}
 j - a scroll of teleportation {unknown}
 l - a scroll of noise {unknown}
 n - a scroll of random uselessness {unknown}
 o - 3 scrolls of amnesia {unknown}
Potions
 h - 3 potions of curing
 m - 2 potions of mutation {unknown}
 p - a potion of resistance {unknown}
Comestibles
 f - 3 rations


   Skills:
 + Level 2.6 Fighting
 * Level 3.5 Long Blades
 - Level 1.7 Throwing
 + Level 3.1 Dodging


You had 2 spell levels left.
You didn't know any spells.
Your spell library was empty.

Dungeon Overview and Level Annotations

Branches:
Dungeon (3/15)

Altars:
Uskayaw

Annotations:
D:6 Grinder


Innate Abilities, Weirdness & Mutations

You are mostly covered in molten scales. (AC +3)


Message History

It was a potion of might.
You feel very mighty all of a sudden. The orc misses you.
Grinder barely misses you.
You slash Grinder!
Grinder is moderately wounded.
Grinder gestures at you. You resist with significant effort.
The orc barely misses you.
You riposte.
You hit the orc.
You kill the orc!
You closely miss Grinder.
Grinder is moderately wounded.
Grinder hits you but does no damage. Grinder closely misses you.
You barely miss Grinder.
Grinder is moderately wounded.
Grinder gestures at you.
You suddenly lose the ability to move!
Grinder hits you!
* * * LOW HITPOINT WARNING * * *
You writhe in agony.
You die...

#. ..
.. .#
#. .#
.##.#
....#
#...#
#)5.#
###@#
#...#
#.###
#. .
#. #


You could see Grinder.

Vanquished Creatures
  An adder (D:2)
  2 dart slugs (D:1)
  2 orcs
  2 bats
  3 giant cockroaches
  5 goblins (D:1)
  6 hobgoblins
  4 jackals (D:1)
  2 frilled lizards (D:2)
  6 kobolds
  5 rats
38 creatures vanquished.

Notes
Turn   | Place    | Note
-------+----------+-------------------------------------------
     0 | D:1      | Voker57 the Demonspawn Gladiator began the quest for the
                  | Orb.
     0 | D:1      | Reached XP level 1. HP: 16/16 MP: 1/1
    64 | D:1      | Gained mutation: You are partially covered in molten
                  | scales. (AC +2) [demonic ancestry]
    64 | D:1      | Reached XP level 2. HP: 17/22 MP: 2/2
   433 | D:1      | Gained mutation: You are mostly covered in molten scales.
                  | (AC +3) [demonic ancestry]
   433 | D:1      | Reached XP level 3. HP: 26/28 MP: 3/3
   789 | D:2      | Found a hide-covered altar of Uskayaw.
  1347 | D:3      | You fall through a shaft for 3 floors!
  1347 | D:6      | Noticed Grinder
  1358 | D:6      | Paralysed by Grinder for 6 turns
  1359 | D:6      | Slain by Grinder

Levels and vault maps discovered:
D:1:      ebering_trefoil_3fold, layout_loops_ring
D:2:      layout_loops_ring, lemuel_doored_altar, first_ration
D:3:      layout_basic, yredelemnul_altar_generic, serial_forest,
          infiniplex_forest_end_2, infiniplex_forest_clump_medium,
          infiniplex_forest_clump_diagonal, infiniplex_forest_clump_large,
          infiniplex_forest_lined_3_way, infiniplex_forest_join,
          infiniplex_forest_straight_1
D:6:      layout_rooms, overflow_temple_1_default, old_standard_altar,
          minmay_temple_entry_offerings, sigmund_army, uniq_blork_the_orc,
          uniq_grinder, uniq_menkaure, uniq_sigmund

Skill      XL: |  1  2 |
---------------+-------+-----
Long Blades    | 3 |  3.5
Dodging        | 3 |  3.1
Fighting       | |  2.6
Throwing       | |  1.7

Action                   || total
-------------------------++-------
Melee: Long sword        ||   121
  Use: Potion            ||     4
 Stab: Sleeping          ||     1
  Eat: Chunk             ||     2
Armor: Leather armour    ||    26
Dodge: Dodged            ||   105
       Rpst.: Long sword ||    35

Table legend:
 A = Non-vault XP
 B = Vault XP
 C = Vault XP percentage of total XP
 D = Non-vault monster count
 E = Vault monster count
 F = Vault count percentage of total count
                 A         B        C        D         E       F
            +---------+---------+-------+---------+---------+-------
      Total |      80 |       0 |   0.0 |      38 |       0 |   0.0
            +---------+---------+-------+---------+---------+-------
        D:1 |      44 |       0 |   0.0 |      22 |       0 |   0.0
        D:2 |      26 |       0 |   0.0 |      11 |       0 |   0.0
        D:3 |       7 |       0 |   0.0 |       4 |       0 |   0.0
        D:6 |       3 |       0 |   0.0 |       1 |       0 |   0.0
            +---------+---------+-------+---------+---------+-------
